 Dungeon Crawl Stone Soup version 0.21-a0-39-g28ea6b7 (webtiles) character file.

529 TheGoonsmith the Cleaver (level 7, -10/61 HPs)
             Began as a Hill Orc Gladiator on May 31, 2017.
             Was a Follower of Makhleb.
             Mangled by TheGoonsmith's ghost (11 damage)
             ... on level 5 of the Dungeon.
             The game lasted 00:06:23 (4055 turns).

TheGoonsmith the Cleaver (Hill Orc Gladiator)       Turns: 4055, Time: 00:06:24

Health: -10/61     AC: 10    Str: 19    XL:     7   Next: 24%
Magic:  9/9        EV:  8    Int: 13    God:    Makhleb [*.....]
Gold:   303        SH:  0    Dex: 12    Spells: 6/6 levels left

rFire    . . .     SeeInvis .   a - +1 war axe
rCold    . . .     Gourm    .   (no shield)
rNeg     . . .     Faith    .   p - +0 chain mail
rPois    .         Spirit   .   c - +0 helmet
rElec    .         Reflect  .   (no cloak)
rCorr    .         Harm     .   (no gloves)
MR       .....                  g - +0 pair of boots
Stlth    ..........             (no amulet)
Regen    0.2/turn               (no ring)
MPRegen  0.2/turn               (no ring)

@: brilliant
A: no striking features
a: Renounce Religion


You were on level 5 of the Dungeon.
You worshipped Makhleb.
Makhleb was aware of your devotion.
You were not hungry.

You visited 1 branch of the dungeon, and saw 5 of its levels.

You collected 303 gold pieces.

Inventory:

Hand Weapons
 a - a +1 war axe (weapon)
Missiles
 d - 5 throwing nets (quivered)
Armour
 b - a +0 leather armour
 c - a +0 helmet (worn)
 g - a +0 pair of boots (worn)
 p - a +0 chain mail (worn)
Jewellery
 e - an uncursed amulet of regeneration {unknown}
Wands
 n - a wand of iceblast (14/15)
 r - a wand of iceblast (3/15)
 t - a wand of random effects (24/48)
Scrolls
 h - a scroll of fog
 k - 2 scrolls of magic mapping
 o - a scroll of enchant weapon
Potions
 i - 2 potions of flight
 u - a potion of haste {unknown}
Comestibles
 f - 3 bread rations
 l - a royal jelly


   Skills:
 + Level 5.0 Fighting
 * Level 8.5 Axes
 - Level 1.7 Throwing
 - Level 2.4 Dodging
 + Level 3.4 Invocations


You had 6 spell levels left.
You didn't know any spells.

Dungeon Overview and Level Annotations

Branches:
Dungeon (5/15)
 Temple: D:4-7

Altars:
Makhleb
Ru
Wu Jian
Yredelemnul

Annotations:
D:5 TheGoonsmith's ghost, novice DsGl


Message History

TheGoonsmith's ghost hits you but does no damage.
You hit TheGoonsmith's ghost but do no damage.
TheGoonsmith's ghost is severely damaged.
TheGoonsmith's ghost hits you but does no damage.
You hit TheGoonsmith's ghost.
TheGoonsmith's ghost is severely damaged.
TheGoonsmith's ghost hits you but does no damage.
It was a potion of magic.
Magic courses through your body. TheGoonsmith's ghost hits you!
* * * LOW HITPOINT WARNING * * *
It was a potion of curing.
You feel better.
TheGoonsmith's ghost closely misses you.
You hit TheGoonsmith's ghost.
TheGoonsmith's ghost is severely damaged.
TheGoonsmith's ghost hits you!
* * * LOW HITPOINT WARNING * * *
You hit TheGoonsmith's ghost but do no damage.
TheGoonsmith's ghost is severely damaged.
TheGoonsmith's ghost hits you!
You die...

#.# #.# #.# #.#
#.# ###.####.#
#........#
#.#.####.#
###.#@W..#
#...#.#..#
#.#####..######
#.............#
######.#.#....#
#..# #.#.##...#
#..###.#W# ...#
#..#.....# ..#
#..#.#.#.# .#


You could see TheGoonsmith's ghost.

Vanquished Creatures
  Eustachio (D:5)
  A howler monkey (D:5)
  A bullfrog zombie (D:5)
  A hound (D:4)
  An iguana (D:4)
  3 worker ants
  4 gnolls (D:4)
  3 adders
  3 oozes
  An adder skeleton (D:5)
  7 worms
  A dart slug (D:1)
  2 leopard geckos
  11 orcs (D:3)
  2 ball pythons
  6 bats
  4 giant cockroaches
  5 goblins
  8 hobgoblins
  6 frilled lizards
  A jackal skeleton (D:4)
  9 kobolds
  A leopard gecko skeleton (D:4)
  4 rats
  A spectral orc (D:3)
87 creatures vanquished.

Notes
Turn   | Place    | Note
-------+----------+-------------------------------------------
     0 | D:1      | TheGoonsmith the Hill Orc Gladiator began the quest for the Orb.
     0 | D:1      | Reached XP level 1. HP: 18/18 MP: 1/1
    52 | D:1      | Reached XP level 2. HP: 23/25 MP: 2/2
   484 | D:1      | Reached skill level 5 in Axes
   744 | D:2      | Reached XP level 3. HP: 23/30 MP: 3/3
  1340 | D:2      | Found a burning altar of Makhleb.
  1340 | D:2      | Noticed a cacodemon
  1411 | D:2      | Noticed a neqoxec
  1411 | D:2      | Noticed a smoke demon
  1413 | D:2      | Became a worshipper of Makhleb the Destroyer
  1722 | D:3      | Reached XP level 4. HP: 35/38 MP: 4/4
  1761 | D:3      | Reached skill level 6 in Axes
  2026 | D:3      | Reached * piety under Makhleb
  2086 | D:3      | Found a basalt altar of Yredelemnul.
  2141 | D:3      | Found a sacrificial altar of Ru.
  2569 | D:4      | Reached skill level 1 in Invocations
  2569 | D:4      | Reached XP level 5. HP: 29/46 MP: 5/5
  2764 | D:4      | Reached skill level 7 in Axes
  3062 | D:4      | Reached XP level 6. HP: 40/52 MP: 7/7
  3599 | D:5      | Entered Level 5 of the Dungeon
  3683 | D:5      | Found an ornate altar of the Wu Jian Council.
  3791 | D:5      | Noticed Eustachio
  3810 | D:5      | Killed Eustachio
  3810 | D:5      | Reached skill level 5 in Fighting
  3810 | D:5      | Reached skill level 8 in Axes
  3810 | D:5      | Reached XP level 7. HP: 54/61 MP: 9/9
  4002 | D:5      | Noticed TheGoonsmith's ghost (novice DsGl)
  4052 | D:5      | HP: 2/61 [TheGoonsmith's ghost (7)]
  4055 | D:5      | Mangled by TheGoonsmith's ghost

Vault maps used:
D:1:      minmay_arrival_nine_rooms
D:2:      makhleb_altar_promises_db, first_bread
D:3:      yredelemnul_forgotten_temple_becter, serial_glass, glass_columns_a,
          glass_columns_a, glass_columns_a, glass_columns_a, glass_columns_a,
          glass_columns_c, kennysheep_nondescript, serial_bayou_pond_b,
          nicolae_ru_awakened_eye
D:5:      kennysheep_mini_moat, uniq_menkaure, uniq_eustachio

Skill      XL: |  1  2  3  4  5  6 |
---------------+-------------------+-----
Axes           | 5 6 7 8 |  8.5
Fighting       | 3 4 5 |  5.0
Invocations    | 1 2 3 |  3.4
Throwing       | |  1.7
Dodging        | |  2.4

Action                   |  1- 3 |  4- 6 |  7- 9 || total
-------------------------+-------+-------+-------++-------
Melee: War axe           |    92 |   170 |    30 ||   292
Evoke: Wand              |       |     2 |       ||     2
  Use: Scroll            |       |     7 |       ||     7
       Potion            |       |       |     4 ||     4
 Stab: Sleeping          |     1 |       |       ||     1
  Eat: Chunk             |     3 |     5 |     1 ||     9
       Fruit             |       |       |     1 ||     1
Armor: Leather armour    |    28 |     3 |       ||    31
       Chain mail        |       |    71 |    13 ||    84
Dodge: Dodged            |    63 |    81 |    12 ||   156
